 Dungeon Crawl Stone Soup version 0.27.1-33-g824d729ab1 (webtiles) character file.

Game seed: 14163086507958878751

246 styxcanada the Sneak (level 5, -8/26 HPs)
             Began as a Spriggan Brigand on Dec 30, 2021.
             Killed from afar by Terence (9 damage)
             ... with a puff of flame
             ... on level 3 of the Dungeon.
             The game lasted 00:08:52 (2165 turns).

styxcanada the Sneak (Spriggan Brigand)             Turns: 2165, Time: 00:08:53

Health: -8/26      AC:  3    Str:  7    XL:     5   Next: 84%
Magic:  8/8        EV: 17    Int: 12    God:
Gold:   99         SH:  6    Dex: 18    Spells: 7/7 levels left

rFire    . . .     SeeInvis +   a - +2 dagger
rCold    . . .     Faith    .   i - +0 buckler
rNeg     . . .     Spirit   .   b - +0 robe
rPois    .         Reflect  .   (helmet restricted)
rElec    .         Harm     .   c - +0 cloak
rCorr    .         Rampage  .   (gloves unavailable)
Will     .....                  (boots unavailable)
Stlth    ++++......             (no amulet)
HPRegen  0.08/turn              (no ring)
MPRegen  0.11/turn              (no ring)

@: very quick
A: very small, no large weapons, unfitting armour, see invisible, speed 3
a: no special abilities


You were on level 3 of the Dungeon.
You visited 1 branch of the dungeon, and saw 3 of its levels.

You collected 99 gold pieces.

Inventory:

Hand Weapons
 a - a +2 dagger (weapon)
Missiles
 d - 19 poisoned darts (quivered)
 e - 2 curare-tipped darts
 f - 3 boomerangs
 h - 48 stones
 n - 30 sling bullets
Armour
 b - a +0 robe (worn)
 c - a +0 cloak (worn)
 i - a +0 buckler (worn)
Scrolls
 j - a scroll of fog {unknown}
 l - a scroll of blinking {unknown}
Potions
 k - a potion of curing
 m - a potion of mutation
 o - a potion of heal wounds {unknown}


   Skills:
 * Level 2.2 Fighting
 + Level 3.2 Short Blades
 + Level 2.7 Throwing
 * Level 3.1 Dodging
 * Level 7.7 Stealth
 * Level 1.1 Shields
 * Level 1.8 Spellcasting


You had 7 spell levels left.
You didn't know any spells.
Your spell library contained the following spells:

 Spells                   Type           Power      Damage    Failure   Level
 Sandblast                Erth           2%         2d4       38%         1
 Summon Small Mammal      Summ           4%         N/A       38%         1
 Passwall                 Tmut/Erth      0%         N/A       54%         2
 Slow                     Hex            1%         N/A       54%         2
 Call Canine Familiar     Summ           1%         N/A       77%         3
 Confusing Touch          Hex            1%         N/A       77%         3
 Summon Guardian Golem    Hex/Summ       1%         N/A       77%         3
 Lee's Rapid Deconstruct  Erth           0%         3d5*      100%        5
 Yara's Violent Unravell  Hex/Tmut       0%         3d3       100%        5


Dungeon Overview and Level Annotations

Branches:
Dungeon (3/15)

Altars:
Okawaru

Annotations:
D:3 Terence


Innate Abilities, Weirdness & Mutations

You are very small and have problems with some larger weapons.
You are too small for most types of armour.
You have supernaturally acute eyesight. (SInv)
You cover ground extremely quickly. (Speed+++)


Message History

You climb downwards.
Found 14 gold pieces.
There is a stone staircase leading up here.
Found a runed dagger and a whip.
A frilled lizard comes into view.
Found 18 stones.
The helpless frilled lizard fails to defend itself.
You spit the frilled lizard like a pig!!!
You kill the frilled lizard!
Found 29 gold pieces and 27 stones.
Found a stone staircase leading up.
A ball python comes into view.
The ball python hisses angrily.
Terence the Incautious comes into view.
He is wielding a +0 mace and carrying a wand of flame (11).
Found an iron altar of Okawaru.
The ball python bites you. The ball python barely misses you.
You closely miss the ball python. You block the ball python's attack.
The ball python misses you.
You hit the ball python.
You kill the ball python!
Found 13 gold pieces.
You see here 18 stones.
A ball python comes into view.
Found a book of Party Tricks.
A worm comes into view.
Found a scroll of identify.
Terence shouts!
You hit Terence but do no damage. Terence hits you with a +0 mace.
You hit Terence but do no damage.
Terence zaps a wand.
The puff of flame hits you!
You hit Terence but do no damage. Terence misses you.
You see here 18 stones.
Throw: 20 darts (poison)
Press: ? - help, Q - select action, (/) - cycle Shift-Dir - straight line, f - Terence
Aim: Terence, wielding a +0 mace, wearing a +0 chain mail and carrying a wand of flame (10) (70% to hit)
You throw a poisoned dart. The poisoned dart hits Terence.
Terence is poisoned.
Terence screams, "I'm going to kill you!"
Terence zaps a wand.
The puff of flame hits you!
* * * LOW HITPOINT WARNING * * *
Terence zaps a wand.
The puff of flame hits you!
You die...

### .## .. #.. .. ...
#.##.##...... ≈≈≈
#.##..#..##.# ≈≈≈≈#
########..........( ≈≈≈≈≈
#.................. .≈≈≈≈≈
.................####..≈≈≈≈
##.##......@..#........≈≈≈≈ #
.#...#............#..#..≈≈≈≈
#..................###<..≈≈≈≈≈
...._.....(.....#..#..##≈≈≈≈≈
.:.....$@.............)≈≈≈≈#
#...#.(.......####...≈≈≈≈≈#
#.##.##.<.......# #...≈≈≈≈≈#
#.....w.##.###### #...≈≈≈≈##
##....####.# .88≈≈≈≈≈88


You could see Terence (poisoned) and a worm.

Vanquished Creatures
  Sigmund (D:2)
  Jessica (D:2)
  An adder (D:2)
  6 ball pythons
  4 bats
  6 endoplasms
  3 giant cockroaches
  4 goblins (D:2)
  2 hobgoblins (D:2)
  4 jackals (D:1)
  5 kobolds
  6 frilled lizards
  6 rats
49 creatures vanquished.

Notes
Turn   | Place    | Note
-------+----------+-------------------------------------------
     0 | D:1      | styxcanada the Spriggan Brigand began the quest for the
                  | Orb.
     0 | D:1      | Reached XP level 1. HP: 10/10 MP: 2/2
   197 | D:1      | Reached skill level 6 in Stealth
   250 | D:1      | Found a faded altar of an unknown god.
   278 | D:1      | Reached XP level 2. HP: 11/15 MP: 3/3
   985 | D:2      | Noticed Sigmund
  1034 | D:2      | Noticed Jessica
  1056 | D:2      | Reached XP level 3. HP: 6/18 MP: 4/4
  1185 | D:2      | Killed Jessica
  1186 | D:2      | Reached XP level 4. HP: 9/23 MP: 5/5
  1411 | D:2      | Reached skill level 7 in Stealth
  1918 | D:2      | Killed Sigmund
  1919 | D:2      | Reached skill level 1 in Shields
  1919 | D:2      | Reached skill level 1 in Spellcasting
  1919 | D:2      | Reached XP level 5. HP: 19/26 MP: 6/8
  2142 | D:3      | Noticed Terence
  2143 | D:3      | Found an iron altar of Okawaru.
  2164 | D:3      | HP: 1/26 [Terence/puff of flame (10)]
  2165 | D:3      | Killed from afar by Terence

Illustrated notes

Levels and vault maps discovered:
D:1:      wander_arrival_desolate, layout_loops_ring,
          hellmonk_ecumenical_altar_arch_garden, serial_bayou_pond_c,
          dk_noncrumbling_2
D:2:      layout_rooms, uniq_jessica, uniq_sigmund
D:3:      wander_river, layout_loops_cross, okawaru_gym_becter, slow_altar_1,
          uniq_terence, uniq_robin

Skill      XL: |  1  2  3  4 |
---------------+-------------+-----
Stealth        | 6 7 |  7.7
Dodging        | 2 3 |  3.1
Fighting       | 2 |  2.2
Short Blades   | 3 |  3.2
Shields        | 1 |  1.1
Spellcasting   | 1 |  1.8
Throwing       | |  2.7

Action                   |  1- 3 |  4- 6 || total
-------------------------+-------+-------++-------
Melee: Dagger            |    78 |    50 ||   128
Throw: Dart              |    26 |     9 ||    35
  Use: Scroll            |       |     2 ||     2
 Stab: Sleeping          |    12 |     1 ||    13
Armor: Robe              |    11 |     5 ||    16
Dodge: Dodged            |    45 |    22 ||    67
Block: Buckler           |    10 |     5 ||    15
